General information
- name: BNet
- type: Ladder team game (AT/RT)
- host: Battle.net
- saver: Mata.
map: ExcavationSite
- players: 4
- length: 27:32
- speed: Fast
- version: 1.21 W3XP
- replay type:

» download(179 KB)
Players
team 1 (winner)

»
DIRTMCWORDUP (
red | 131 APM | 3618 actions | 27:31)
4 Death Knight
2 Death Coil
2 Unholy Aura
3 Lich
2 Frost Nova
1 Frost Armor
» actions
| Assign group hotkey | 29 | |
| Basic commands | 103 | |
| Build / train | 50 | |
| ESC pressed | 2 | |
| Enter build submenu | 23 | |
| Enter hero's abilities submenu | 7 | |
| Right click | 1773 | |
| Select / deselect | 351 | |
| Select group hotkey | 1197 | |
| Use ability | 83 | |
3618 total
» units
| Acolyte | 5 | |
| Ghoul | 3 | |
| Crypt Fiend | 8 | |
| Obsidian Statue | 4 | |
| Frost Wyrm | 4 | |
24 total
» upgrades
| Creature Attack | 2 | |
| Burrow | 1 | |
| Web | 1 | |
| Destroyer Form | 1 | |
| Freezing Breath | 1 | |
6 total
» buildings
| Crypt | 1 | |
| Altar of Darkness | 2 | |
| Graveyard | 1 | |
| Ziggurat | 9 | |
| Nerubian Tower | 1 | |
| Tomb of Relics | 1 | |
| Halls of the Dead | 2 | |
| Slaughterhouse | 1 | |
| Spirit Tower | 4 | |
| Black Citadel | 1 | |
| Sacrificial Pit | 1 | |
| Boneyard | 1 | |
| Necropolis | 2 | |
27 total
» build order
00:06 Crypt
00:09 Altar of Darkness
00:21 Graveyard
00:38 Ziggurat
01:32 Nerubian Tower
02:05 Ziggurat
02:38 Tomb of Relics
04:28 Ziggurat
04:36 Halls of the Dead
04:36 Halls of the Dead
07:07 Slaughterhouse
07:13 Ziggurat
08:15 Spirit Tower
09:01 Black Citadel
09:03 Sacrificial Pit
11:09 Spirit Tower
11:13 Ziggurat
11:15 Ziggurat
11:18 Ziggurat
11:39 Boneyard
16:08 Spirit Tower
16:09 Spirit Tower
21:33 Necropolis
22:45 Necropolis
25:24 Altar of Darkness
25:27 Ziggurat
25:29 Ziggurat
» items
| Rod of Necromancy | 1 | |
| Scroll of Town Portal | 1 | |
2 total
Mata. (
blue | 177 APM | 4874 actions | 27:32)
5 Priestess of the Moon
2 Trueshot Aura
2 Searing Arrows
1 Scout
4 Keeper of the Grove
3 Entangling Roots
1 Thorns Aura
» actions
| Assign group hotkey | 429 | |
| Basic commands | 52 | |
| Build / train | 128 | |
| ESC pressed | 2 | |
| Enter build submenu | 28 | |
| Enter hero's abilities submenu | 9 | |
| Right click | 2110 | |
| Select / deselect | 770 | |
| Select group hotkey | 1232 | |
| Use ability | 114 | |
4874 total
» units
| Wisp | 48 | |
| Archer | 1 | |
| Huntress | 13 | |
| Dryad | 7 | |
| Druid of the Claw | 3 | |
| Chimaera | 6 | |
| Hippogryph | 5 | |
83 total
» upgrades
| Moon Armor | 1 | |
| Strength of the Moon | 1 | |
| Sentinel | 1 | |
| Druid of the Claw Training | 2 | |
| Nature's Blessing | 1 | |
| Strength of the Wild | 1 | |
| Reinforced Hides | 1 | |
| Corrosive Breath | 1 | |
| Abolish Magic | 1 | |
10 total
» buildings
| Altar of Elders | 1 | |
| Moon Well | 7 | |
| Ancient of War | 2 | |
| Hunter's Hall | 1 | |
| Ancient of Wonders | 1 | |
| Tree of Life | 6 | |
| Tree of Ages | 2 | |
| Tree of Eternity | 1 | |
| Ancient of Lore | 2 | |
| Ancient of Wind | 1 | |
| Chimaera Roost | 2 | |
26 total
» build order
00:04 Altar of Elders
00:17 Moon Well
00:48 Ancient of War
01:49 Hunter's Hall
02:03 Moon Well
02:31 Ancient of War
03:55 Moon Well
04:14 Ancient of Wonders
05:33 Tree of Life
06:04 Moon Well
07:53 Tree of Ages
07:54 Tree of Ages
10:32 Tree of Eternity
10:46 Ancient of Lore
10:47 Ancient of Lore
11:15 Moon Well
11:17 Moon Well
11:38 Ancient of Wind
12:13 Tree of Life
13:18 Tree of Life
16:55 Chimaera Roost
16:56 Chimaera Roost
18:25 Moon Well
22:40 Tree of Life
23:02 Tree of Life
24:05 Tree of Life
» items
| Staff of Preservation | 1 | |
| Scroll of Town Portal | 1 | |
2 total
team 2 (loser)
LordOfTheTards (
teal | 60 APM | 1643 actions | 27:31)
5 Death Knight
3 Death Coil
2 Unholy Aura
4 Lich
2 Frost Nova
2 Dark Ritual
3 Dreadlord
2 Carrion Swarm
1 Sleep
» actions
| Assign group hotkey | 18 | |
| Basic commands | 5 | |
| Build / train | 61 | |
| ESC pressed | 2 | |
| Enter build submenu | 14 | |
| Enter hero's abilities submenu | 12 | |
| Give item / drop item | 5 | |
| Right click | 739 | |
| Select / deselect | 282 | |
| Select group hotkey | 422 | |
| Use ability | 83 | |
1643 total
» units
| Acolyte | 5 | |
| Ghoul | 3 | |
| Crypt Fiend | 7 | |
| Obsidian Statue | 4 | |
19 total
» upgrades
| Creature Attack | 3 | |
| Creature Carapace | 3 | |
| Web | 1 | |
| Destroyer Form | 1 | |
8 total
» buildings
| Graveyard | 1 | |
| Crypt | 1 | |
| Ziggurat | 6 | |
| Altar of Darkness | 1 | |
| Tomb of Relics | 1 | |
| Halls of the Dead | 1 | |
| Slaughterhouse | 1 | |
| Spirit Tower | 4 | |
| Sacrificial Pit | 1 | |
| Black Citadel | 1 | |
18 total
» build order
00:06 Graveyard
00:19 Crypt
00:41 Ziggurat
01:00 Altar of Darkness
02:01 Tomb of Relics
02:09 Ziggurat
03:54 Ziggurat
04:24 Halls of the Dead
05:44 Ziggurat
06:57 Slaughterhouse
08:26 Spirit Tower
08:27 Spirit Tower
08:28 Spirit Tower
08:44 Spirit Tower
09:36 Sacrificial Pit
10:56 Black Citadel
13:50 Ziggurat
13:51 Ziggurat
» items
| Rod of Necromancy | 2 | |
| Potion of Healing | 2 | |
| Scroll of Regeneration | 1 | |
| Scroll of Town Portal | 2 | |
| Scroll of Protection | 1 | |
| Potion of Lesser Invulnerability | 1 | |
| Scroll of Healing | 2 | |
| Orb of Corruption | 1 | |
| Potion of Mana | 1 | |
13 total
the_13 (
green | 92 APM | 2528 actions | 27:28)
3 Archmage
2 Blizzard
1 Brilliance Aura
4 Blood Mage
2 Siphon Mana
2 Flame Strike
» actions
| Assign group hotkey | 28 | |
| Basic commands | 196 | |
| Build / train | 68 | |
| ESC pressed | 2 | |
| Enter build submenu | 23 | |
| Enter hero's abilities submenu | 7 | |
| Remove unit from queue | 1 | |
| Right click | 1120 | |
| Select / deselect | 491 | |
| Select group hotkey | 484 | |
| Use ability | 108 | |
2528 total
» units
| Peasant | 13 | |
| Mortar Team | 8 | |
| Sorceress | 7 | |
| Flying Machine | 10 | |
| Priest | 3 | |
41 total
» upgrades
| Gunpowder | 1 | |
| Sorceress Training | 2 | |
| Flare | 1 | |
| Magic Sentry | 1 | |
| Fragmentation Shards | 1 | |
| Barrage | 0 | |
| Flak Cannons | 1 | |
| Flying Machine Bombs | 1 | |
8 total
» buildings
| Lumber Mill | 1 | |
| Altar of Kings | 1 | |
| Farm | 11 | |
| Scout Tower | 5 | |
| Arcane Tower | 1 | |
| Guard Tower | 3 | |
| Keep | 1 | |
| Blacksmith | 1 | |
| Arcane Vault | 1 | |
| Arcane Sanctum | 1 | |
| Workshop | 2 | |
| Castle | 1 | |
29 total
» build order
00:23 Lumber Mill
00:27 Altar of Kings
00:38 Farm
00:44 Scout Tower
00:55 Scout Tower
00:58 Farm
01:44 Arcane Tower
01:57 Scout Tower
02:15 Guard Tower
02:44 Guard Tower
02:59 Keep
03:04 Farm
03:39 Blacksmith
03:45 Arcane Vault
03:54 Scout Tower
03:56 Farm
04:19 Farm
04:28 Guard Tower
05:29 Arcane Sanctum
05:31 Workshop
05:34 Workshop
07:21 Farm
07:24 Farm
09:23 Farm
11:24 Farm
11:53 Farm
11:56 Farm
14:19 Castle
14:25 Scout Tower
» items
| Potion of Healing | 1 | |
| Scroll of Town Portal | 1 | |
2 total
Chat log
(00:07 / Allies) Mata.: not aowrushing
(00:07 / Allies) Mata.: just
(00:10 / Allies) Mata.: huntafiend i guess
(00:14 / Allies) DIRTMCWORDUP: yopeadopealope
(00:26 / Allies) DIRTMCWORDUP: woops
(00:27 / Allies) DIRTMCWORDUP: 100g plz
(00:29 / Allies) Mata.: i did
(00:41 / Allies) Mata.: scrubadoodledoo
(00:44 / Allies) DIRTMCWORDUP: forgot zig teehee
(01:24 / Allies) Mata.: caned dh getting a pottem
(01:57 / Allies) DIRTMCWORDUP: kind of fuqed my build oops
(02:04 / Allies) Mata.: me 3
(02:32 / Allies) DIRTMCWORDUP: going into mega cr33ping mode
(02:43 / Allies) Mata.: creepy sequence
(02:45 / Allies) Mata.: active
(03:21 / Allies) Mata.: why can't units use tomes?
(03:28 / Allies) DIRTMCWORDUP: hmmm they got no stats.
(03:41 / Allies) Mata.: so their attack rate / armor / mana / hp should increase
(06:08 / Allies) DIRTMCWORDUP: killed a level 1 bloodm
(06:12 / Allies) DIRTMCWORDUP: scoutin dey
(06:21 / Allies) Mata.: army is red from hydra
(06:22 / Allies) Mata.: you ready?
(06:31 / Allies) Mata.: brting
(06:54 / Allies) Mata.: damn you gotta lotta gold
(06:56 / Allies) Mata.: make stat and lich
(07:11 / Allies) Mata.: g0
(07:19 / Allies) Mata.: before he has too many sorc
(07:38 / Allies) Mata.: man
(07:42 / Allies) Mata.: charge i guess
(07:45 / Allies) DIRTMCWORDUP: no
(07:46 / Allies) DIRTMCWORDUP: out
(07:49 / Allies) DIRTMCWORDUP: r u kidding
(07:50 / Allies) DIRTMCWORDUP: mortar
(08:06 / Allies) Mata.: checking the ud base
(09:29 / Allies) Mata.: get shades asap
(09:29 / Allies) Mata.: a
(09:32 / Allies) Mata.: gainst that invisimort
(09:52 / Allies) DIRTMCWORDUP: invismort
(09:55 / Allies) Mata.: yes
(09:59 / Allies) Mata.: that's why i want you to get shade
(11:25 / Allies) Mata.: dont let em tower expos
(13:54 / Allies) Mata.: got any lumber?
(16:21 / Allies) Mata.: KEEP EM from expanding
(16:25 / Allies) DIRTMCWORDUP: yes
(16:29 / Allies) Mata.: take some expos
(16:31 / Allies) DIRTMCWORDUP: ca you peep
(16:36 / Allies) DIRTMCWORDUP: @ 80 food
(16:36 / Allies) Mata.: i can send army i guess
(16:37 / Allies) DIRTMCWORDUP: you spand
(16:40 / Allies) Mata.: i have two
(16:42 / Allies) Mata.: just claim them
(17:05 / Allies) Mata.: send a stroyer in there
(17:43 / Allies) Mata.: good
(17:44 / Allies) DIRTMCWORDUP: not crept
(18:03 / Allies) Mata.: damn
(18:32 / Allies) Mata.: going 100 food chim
(18:35 / Allies) Mata.: erady to push the hu base?
(18:52 / Allies) DIRTMCWORDUP: lemme get frzng brth
(19:06 / Allies) Mata.: basically nothing
(19:17 / Allies) Mata.: go
(19:19 / Allies) DIRTMCWORDUP: ok
(19:21 / Allies) Mata.: dont stab me now
(19:23 / Allies) DIRTMCWORDUP: going from souf
(19:34 / Allies) Mata.: taking out towers
(19:37 / Allies) Mata.: kill mortars with air
(20:41 / Allies) DIRTMCWORDUP: im out
(20:45 / Allies) Mata.: me too
(20:51 / Allies) Mata.: got rid of all my gay hunts atleast
(22:30 / Allies) Mata.: can't tp
(23:40 / Allies) Mata.: your heroes alive?
(23:42 / Allies) DIRTMCWORDUP: why yad
(23:42 / Allies) DIRTMCWORDUP: no
(23:49 / Allies) DIRTMCWORDUP: fiend and mort own yad
(23:57 / Allies) Mata.: slow owns everything that isn't yad
(24:02 / Allies) Mata.: fight them here
(25:35 / All) Mata.: gg
(25:50 / Allies) DIRTMCWORDUP: i block with shade